 Dungeon Crawl Stone Soup version 0.20-a0-1025-g4706f7e (console) character file.

20629 nht the Martial Artist (level 12, -1/82 HPs)
             Began as an Octopode Assassin on Apr 19, 2017.
             Was the Champion of Ru.
             Slain by a wolf (7 damage)
             ... on level 2 of the Lair of Beasts.
             The game lasted 00:37:01 (15898 turns).

nht the Martial Artist (Octopode Assassin)         Turns: 15898, Time: 00:37:02

Health: -1/82      AC:  1    Str: 10    XL:     12   Next: 81%
Magic:  15/15      EV: 12    Int: 18    God:    Ru [******]
Gold:   736        SH:  0    Dex: 14    Spells: 3/15 levels left

rFire    . . .     SeeInvis .   a - +2 dagger
rCold    . . .     Gourm    .   (helmet restricted)
rNeg     + . .     Faith    .   (no amulet)
rPois    .         Spirit   .   E - ring of positive energy
rElec    .         Reflect  .   (no ring)
rCorr    .         Harm     .   (no ring)
MR       .....                  (no ring)
Stlth    ++++++....             (no ring)
Regen    0.3/turn               (no ring)
MPRegen  0.2/turn               (no ring)

@: exhausted, drained
A: almost no armour, stealthy swim, amphibious, 7 rings, constrict 7, camouflage
1, gelatinous body 1, missing a hand, inability to use devices, inexperienced 1
a: Draw Out Power, Power Leap, Apocalypse, Renounce Religion


You were on level 2 of the Lair of Beasts.
You worshipped Ru.
Ru was exalted by your worship.
You were hungry.

You visited 2 branches of the dungeon, and saw 14 of its levels.
You also visited: Sewer.

You collected 736 gold pieces.

Inventory:

Hand Weapons
 a - a +2 dagger (weapon)
 b - a +1 blowgun
Missiles
 c - 40 poisoned needles
 h - 6 needles of sleeping
 s - 7 curare-tipped needles
 u - 5 tomahawks (quivered)
 w - 3 poisoned javelins
 y - a throwing net
Magical Staves
 F - an uncursed staff of earth
Jewellery
 E - a ring of positive energy (left tentacle)
 K - an uncursed ring of fire
Scrolls
 e - 15 scrolls of teleportation
 l - 4 scrolls of magic mapping
 n - 5 scrolls of remove curse
 r - 2 scrolls of fog
 x - a scroll of enchant weapon
 G - a scroll of enchant armour
 L - 2 scrolls of identify
Potions
 d - 2 potions of brilliance
 m - 4 potions of flight
 p - 5 potions of curing
 q - 5 potions of resistance
 v - 3 potions of agility
 A - a potion of magic
 B - a potion of might
 C - a potion of mutation
 H - a potion of berserk rage
 I - a potion of ambrosia
 J - 2 potions of haste
Books
 j - a book of Cantrips

   Spells                             Type                      Level
   a - Confusing Touch                Hexes                        1
   b - Animate Skeleton               Necromancy                   1
   c - Summon Small Mammal            Summoning                    1
   d - Apportation                    Translocation                1
 k - a book of Minor Magic

   Spells                             Type                      Level
   a - Magic Dart                     Conjuration                  1
   b - Blink                          Translocation                2
   c - Call Imp                       Summoning                    2
   d - Slow                           Hexes                        2
   e - Conjure Flame                  Conjuration/Fire             3
   f - Mephitic Cloud                 Conjuration/Poison/Air       3
 o - a book of Changes

   Spells                             Type                      Level
   a - Beastly Appendage              Transmutation                1
   b - Sticks to Snakes               Transmutation                2
   c - Spider Form                    Transmutation/Poison         3
   d - Ice Form                       Ice/Transmutation            4
   e - Blade Hands                    Transmutation                5
 t - a book of Geomancy

   Spells                             Type                      Level
   a - Sandblast                      Earth                        1
   b - Passwall                       Transmutation/Earth          2
   c - Stone Arrow                    Conjuration/Earth            3
   d - Petrify                        Transmutation/Earth          4
   e - Lee's Rapid Deconstruction     Earth                        5
 D - the Incunabulum of Glacial Toxins
   (You found it on level 1 of the Lair of Beasts)

   Spells                             Type                      Level
   a - Sting                          Conjuration/Poison           1
   b - Ensorcelled Hibernation        Hexes/Ice                    2
   c - Mephitic Cloud                 Conjuration/Poison/Air       3
   d - Summon Ice Beast               Ice/Summoning                4
   e - Olgreb's Toxic Radiance        Poison                       4
   f - Freezing Cloud                 Conjuration/Ice/Air          6
 O - a book of Conjurations

   Spells                             Type                      Level
   a - Magic Dart                     Conjuration                  1
   b - Searing Ray                    Conjuration                  2
   c - Dazzling Spray                 Conjuration/Hexes            3
   d - Fulminant Prism                Conjuration/Hexes            4
   e - Force Lance                    Conjuration/Translocation    4
   f - Iskenderun's Mystic Blast      Conjuration                  4
Comestibles
 f - 8 bread rations
 g - 4 royal jellies
 i - 2 fruits
 z - 5 meat rations


   Skills:
 + Level 7.8(7.5) Fighting
 - Level 10.0(9.7) Short Blades
 - Level 2.0(1.7) Throwing
 - Level 1.0(0.7) Dodging
 - Level 11.0(10.7) Stealth
 * Level 13.0(12.7) Unarmed Combat
 + Level 2.3(2.1) Spellcasting
 + Level 9.2(8.9) Transmutations


You had 3 spell levels left.
You knew the following spells:

 Your Spells              Type           Power        Failure   Level  Hunger
a - Spider Form           Tmut/Pois      ###.......   9%          3    ###....
b - Blade Hands           Tmut           ####......   12%         5    ######.
c - Ice Form              Ice/Tmut       ###.....     28%         4    #####..


Dungeon Overview and Level Annotations

Branches:
Dungeon (8/15)             Temple (0/1) D:5            Lair (6/6) D:8
  Swamp (0/4) Lair:4        Snake (0/4) Lair:2        Slime (0/5) Lair:5

Altars:
Fedhas
Makhleb
Okawaru
Ru
Jiyva

Shops:
D:6 %

Annotations:
D:2 Sigmund
D:7 invis, exclusion: door
Lair:1 exclusion: oklob plant


Innate Abilities, Weirdness & Mutations

You cannot wear most types of armour.
You are very stealthy in the water. (Stealth+)
You are amphibious.
You can wear up to seven rings at the same time.
You can use your tentacles to constrict seven enemies at once.
Your skin changes colour to match your surroundings (Stealth+).
Your rubbery body absorbs attacks. (AC +1, EV +1)
You are missing a hand.
You cannot study or use magical devices.
You are somewhat inexperienced. (-2 XL)


Message History

The helpless wolf fails to defend itself.
You shred the wolf!!!
You kill the wolf!
The wolf bites you.
* * * LOW HITPOINT WARNING * * *
The wolf closely misses you. x2
Unknown command.
You're too exhausted to go berserk.
Unknown command.
You slice the wolf!!
You kill the wolf!
The wolf bites you but does no damage. The wolf bites you!
* * * LOW HITPOINT WARNING * * *
The wolf bites you!
* * * LOW HITPOINT WARNING * * *
You feel better.
Your tentacle reverts to its normal proportions.
Your +2 dagger unmelds from your body.
The wolf barely misses you. The wolf bites you!
You die...

.............<........█..█...████
....................█.██.█...█ █
.......................███...█
.........................█..██
...........................██
.......................█...█
......................██.███
█..............†h....█████
...............h@█...█
██...........██████.██
█...........██ ███
██...........██ █............█
█...........██ ██...........P█
█.............█ ██............█


You could see 2 wolves.

Vanquished Creatures
  3 hydras
  2 two-headed ogres (D:8)
  Pikel (D:5)
  3 black mambas
  10 spiny frogs
  2 rime drakes
  7 komodo dragons
  17 blink frogs
  4 hippogriffs
  A shadow (D:6)
  2 wyverns (Lair:5)
  2 humans (D:8)
  7 yaks
  Eustachio (D:5)
  2 basilisks
  5 nagas
  5 swamp worms (Lair:4)
  2 hell hounds (D:8)
  13 water moccasins
  9 porcupines
  Purgy (Sewer)
  2 orc warriors
  A phantom (D:8)
  An ice beast (D:8)
  A slave (D:4)
  2 sky beasts
  3 ogres
  3 wolves (Lair:2)
  12 crocodiles
  A centaur (D:8)
  11 bullfrogs
  A wyvern zombie (D:6)
  A scorpion (D:5)
  An electric eel (Lair:4)
  9 howler monkeys
  4 crimson imps
  A bullfrog zombie (D:8)
  2 jellies (D:6)
  5 orc priests
  Crazy Yiuf (D:2)
  4 orc wizards
  Jessica (D:2)
  A bullfrog skeleton (D:5)
  An iguana (D:7)
  3 worker ants
  A killer bee zombie (D:5)
  A hound zombie (D:7)
  7 adders
  A river rat (D:5)
  A shadow imp (D:5)
  5 worms
  2 adder skeletons
  3 leopard geckos
  26 orcs
  14 bats
  5 giant cockroaches
  4 goblins
  5 hobgoblins
  13 jackals
  A quokka (D:2)
  3 ball pythons
  10 frilled lizards
  4 kobolds
  A leopard gecko skeleton (D:5)
  A quokka zombie (D:7)
  6 rats
285 creatures vanquished.

Vanquished Creatures (others)
  2 komodo dragons (Lair:2)
  A blink frog (Lair:3)
  A bullfrog (Lair:1)
  7 fungi
  5 plants
16 creatures vanquished.

Grand Total: 301 creatures vanquished

Notes
Turn   | Place    | Note
-------+----------+-------------------------------------------
     0 | D:1      | nht the Octopode Assassin began the quest for the Orb.
     0 | D:1      | Reached XP level 1. HP: 14/14 MP: 1/1
   330 | D:1      | Reached XP level 2. HP: 12/19 MP: 2/2
   761 | D:2      | Noticed Jessica
   764 | D:2      | Killed Jessica
   764 | D:2      | Reached XP level 3. HP: 24/24 MP: 3/3
   906 | D:2      | Found a sacrificial altar of Ru.
   912 | D:2      | Became a worshipper of Ru the Awakened
   952 | D:2      | Noticed Sigmund
   987 | D:2      | Reached XP level 4. HP: 25/29 MP: 4/4
  1465 | D:3      | Reached XP level 5. HP: 34/34 MP: 5/5
  1673 | D:3      | Noticed a sky beast
  1954 | D:2      | Found a runed door.
  2054 | D:2      | Noticed Crazy Yiuf
  2058 | D:2      | Killed Crazy Yiuf
  2060 | D:2      | Gained mutation: You are missing a hand. [Ru sacrifice]
  2060 | D:2      | Reached * piety under Ru
  2060 | D:2      | Reached ** piety under Ru
  2060 | D:2      | Reached *** piety under Ru
  2129 | D:3      | Killed a sky beast
  2129 | D:3      | Reached skill level 5 in Short Blades
  2129 | D:3      | Reached XP level 6. HP: 39/39 MP: 6/6
  3005 | D:5      | Entered Level 5 of the Dungeon
  3557 | D:5      | Reached XP level 7. HP: 31/45 MP: 7/7
  3592 | D:5      | Noticed Eustachio
  3607 | D:5      | Found a glowing drain.
  3632 | Sewer    | Entered a sewer
  3886 | Sewer    | Noticed Purgy
  3954 | Sewer    | Killed Purgy
  4089 | D:5      | Killed Eustachio
  4278 | D:5      | Noticed Pikel
  4284 | D:5      | Found a burning altar of Makhleb.
  4739 | D:5      | Killed Pikel
  4739 | D:5      | Reached XP level 8. HP: 23/50 MP: 8/8
  4817 | D:5      | Found a staircase to the Ecumenical Temple.
  4891 | D:6      | Noticed a shadow
  4892 | D:6      | Killed a shadow
  4909 | D:6      | Gained mutation: You cannot study or use magical devices. [Ru sacrifice]
  4909 | D:6      | Reached **** piety under Ru
  4909 | D:6      | Reached ***** piety under Ru
  4949 | D:6      | Reached skill level 10 in Stealth
  5098 | D:6      | Reached XP level 9. HP: 52/54 MP: 9/9
  5132 | D:6      | Found Niciluig's Food Shoppe.
  5766 | D:7      | Reached skill level 10 in Short Blades
  5771 | D:7      | Learned a level 1 spell: Beastly Appendage
  5913 | D:7      | Learned a level 3 spell: Spider Form
  5919 | D:7      | Learned a level 5 spell: Blade Hands
  5946 | D:7      | Reached skill level 1 in Unarmed Combat
  5958 | D:7      | Reached skill level 1 in Transmutations
  6041 | D:7      | You fall through a shaft!
  6041 | D:8      | Found a staircase to the Lair.
  6054 | D:8      | Reached skill level 2 in Unarmed Combat
  6092 | D:8      | Reached skill level 3 in Unarmed Combat
  6117 | D:8      | Reached skill level 4 in Unarmed Combat
  6392 | D:8      | Noticed a two-headed ogre
  6467 | D:8      | Killed a two-headed ogre
  6467 | D:8      | Reached skill level 6 in Unarmed Combat
  6467 | D:8      | Reached XP level 10. HP: 23/60 MP: 10/10
  6748 | D:7      | Noticed a centaur warrior
  6882 | D:8      | HP: 2/60 [ogre/giant club (29)]
  7183 | D:7      | Gained mutation: You are somewhat inexperienced. (-2 XL) [Ru sacrifice]
  7183 | D:7      | Reached XP level 9. HP: 54/54 MP: 9/9
  7183 | D:7      | Reached XP level 8. HP: 50/50 MP: 8/8
  7183 | D:7      | Reached ****** piety under Ru
  7241 | D:7      | Noticed a frost giant
  7257 | D:8      | Noticed a two-headed ogre
  7281 | D:8      | Killed a two-headed ogre
  7281 | D:8      | Reached skill level 7 in Unarmed Combat
  7281 | D:8      | Reached skill level 5 in Transmutations
  7281 | D:8      | Reached XP level 9. HP: 54/54 MP: 9/9
  7451 | D:8      | Found an iron altar of Okawaru.
  7530 | Lair:1   | Entered Level 1 of the Lair of Beasts
  7530 | Lair:1   | Noticed a komodo dragon
  7553 | Lair:1   | Killed a komodo dragon
  7631 | Lair:1   | Identified the Incunabulum of Glacial Toxins
  7712 | Lair:1   | Found a blossoming altar of Fedhas.
  7730 | Lair:1   | Noticed an oklob plant
  7827 | Lair:1   | Reached skill level 8 in Unarmed Combat
  7991 | Lair:1   | HP: 2/55 [blink frog (15)]
  8564 | Lair:1   | Reached XP level 10. HP: 63/63 MP: 6/10
  8765 | Lair:1   | Reached skill level 9 in Unarmed Combat
  8848 | Lair:1   | Noticed a black mamba
  8872 | Lair:1   | Noticed a spiny frog
  8880 | Lair:1   | Killed a spiny frog
  8886 | Lair:1   | Killed a black mamba
  9050 | Lair:1   | Noticed a spiny frog
  9185 | Lair:2   | Noticed a spiny frog
  9190 | Lair:2   | Noticed a spiny frog
  9193 | Lair:2   | Killed a spiny frog
  9201 | Lair:2   | Killed a spiny frog
  9420 | Lair:2   | Noticed an eight-headed hydra
 10170 | Lair:3   | Reached skill level 10 in Unarmed Combat
 10172 | Lair:3   | Noticed a seven-headed hydra
 10464 | Lair:2   | Reached XP level 11. HP: 63/70 MP: 7/11
 10598 | Lair:2   | Reached skill level 5 in Fighting
 11420 | Lair:2   | Reached skill level 11 in Unarmed Combat
 12974 | Lair:4   | You fall through a shaft for 2 floors!
 12974 | Lair:6   | Entered Level 6 of the Lair of Beasts
 13064 | Lair:5   | Found a viscous altar of Jiyva.
 13065 | Lair:5   | Found a staircase to the Slime Pits.
 13078 | Lair:5   | Reached XP level 12. HP: 79/80 MP: 6/12
 13192 | Lair:4   | Noticed a seven-headed hydra
 13194 | Lair:4   | Killed a seven-headed hydra
 13194 | Lair:4   | Reached skill level 12 in Unarmed Combat
 13671 | Lair:4   | Found a staircase to the Swamp.
 14033 | Lair:4   | Noticed a four-headed hydra
 14136 | Lair:5   | Reached skill level 1 in Spellcasting
 14142 | Lair:5   | Learned a level 4 spell: Ice Form
 14163 | Lair:5   | Noticed a four-headed hydra
 14176 | Lair:5   | Killed a four-headed hydra
 15036 | Lair:4   | Killed a four-headed hydra
 15036 | Lair:4   | Reached skill level 13 in Unarmed Combat
 15691 | Lair:2   | Found a staircase to the Snake Pit.
 15894 | Lair:2   | HP: 4/82 [wolf (8)]
 15897 | Lair:2   | HP: 1/82 [wolf (11)]
 15898 | Lair:2   | Slain by a wolf

Vault maps used:
D:1:      eino_arrival_water_star
D:2:      lemuel_crystal_altar, first_bread, kennysheep_small_spiral,
          uniq_sigmund, uniq_jessica, uniq_crazy_yiuf_cottage
D:3:      minmay_wonky_spiral
D:4:      kennysheep_generic_room_6
D:5:      temple_hall_moat, cheibrodos_sewer_entry_sluice, bloody_makhleb,
          uniq_pikel, uniq_eustachio
D:6:      serial_shops, shop
D:7:      grunt_livestock, minmay_the_grid_octo_triangle
D:8:      minmay_lair_entry_lava, minivault_19, okawaru_humans
Lair:1:   tgw_fedhas
Lair:2:   minmay_snake_entry_guardpost_medium, beast_lair_carwin_9,
          grunt_megastairs_2
Lair:3:   serial_bayou_shore_b
Lair:4:   nicolae_swamp_entry_splash_gauntlet, grunt_megastairs_3,
          serial_bayou_shore_a, serial_bayou_shore_b
Lair:5:   slime_altar_1
Lair:6:   hangedman_lair_caniforms_friends, grunt_forest_large_clearings,
          uniq_josephine
Sewer:    sewer_co_purgy_island

Skill      XL: |  1  2  3  4  5  6  7  8  9 10 11 12 |
---------------+-------------------------------------+-----
Short Blades   | 3 4 5 6 8 9 10 | 10.0
Stealth        | 6 7 9 10 11 | 11.0
Unarmed Combat | 7 8 10 11 13 | 13.0
Transmutations | 5 4 6 8 9 |  9.2
Fighting       | 3 4 6 7 |  7.8
Spellcasting   | 2 |  2.3
Throwing       | |  2.0
Dodging        | |  1.0

Action                   |  1- 3 |  4- 6 |  7- 9 | 10-12 || total
-------------------------+-------+-------+-------+-------++-------
Melee: Dagger            |    56 |   102 |   309 |   153 ||   620
       Constrict         |    13 |    23 |    39 |    20 ||    95
       Tentacles         |     9 |    20 |    38 |    43 ||   110
       Unarmed           |       |       |    22 |   228 ||   250
       Punch             |       |       |     1 |    17 ||    18
 Fire: Blowgun           |     1 |    17 |    75 |    61 ||   154
Throw: Tomahawk          |       |       |     3 |     1 ||     4
 Cast: Spider Form       |       |       |     3 |    11 ||    14
       Blade Hands       |       |       |       |    22 ||    22
       Ice Form          |       |       |       |     2 ||     2
Invok: Sacrifice a Hand  |       |     1 |       |       ||     1
       Sacrifice Artific |       |       |     1 |       ||     1
       Sacrifice Experie |       |       |     1 |       ||     1
       Power Leap        |       |       |     1 |       ||     1
       Draw Out Power    |       |       |       |     4 ||     4
  Use: Potion            |     3 |       |     6 |     8 ||    17
       Scroll            |       |     6 |    17 |     7 ||    30
 Stab: Sleeping          |     7 |    18 |    25 |    28 ||    78
       Invisible         |       |     1 |     4 |    11 ||    16
       Distracted        |       |       |     3 |     8 ||    11
       Paralysed         |       |       |       |     6 ||     6
  Eat: Chunk             |       |     8 |    13 |    34 ||    55
       Fruit             |       |       |       |     5 ||     5
Armor: Skin              |     4 |    12 |    91 |    13 ||   120
Dodge: Dodged            |    40 |    49 |    97 |   172 ||   358
